 Dungeon Crawl Stone Soup version 0.31-a0-1-g4198be8af4 (webtiles) character file.

Game seed: 1414821341341159274

4 jasper the Trooper (level 1, 0/18 HPs)
             Began as a Demonspawn Cinder Acolyte on May 1, 2023.
             Was a High Priest of Ignis.
             Slain by Terence
             ... wielding a +0 flail
              (10 damage)
             ... on level 2 of the Dungeon.
             The game lasted 00:00:35 (78 turns).

jasper the Trooper (Demonspawn Cinder Acolyte)        Turns: 78, Time: 00:00:36

Health: 0/18       AC:  2    Str: 14    XL:     1   Next: 50%
Magic:  2/2        EV: 11    Int: 15    God:    Ignis [*****.]
Gold:   10         SH:  0    Dex:  8    Spells: 2/2 levels left

rFire   + . .        a - -1 hand axe (flame)
rCold   . . .        (no shield)
rNeg    . . .        b - +0 robe
rPois   .            (no helmet)
rElec   .            (no cloak)
rCorr   .            (no gloves)
SInv    .            (no boots)
Will    .....        (no amulet)
Stlth   +            (no ring)
HPRegen 0.23/turn    (no ring)
MPRegen 0.08/turn

%: no passive effects
@: rising, flying
A: no striking features
a: Renounce Religion, Fiery Armour, Foxfire Swarm


You were on level 2 of the Dungeon.
You worshipped Ignis.
Ignis was extremely pleased with you.
You visited 1 branch of the dungeon, and saw 2 of its levels.

You collected 10 gold pieces.

Inventory:

Hand Weapons
 a - a -1 hand axe of flaming (weapon)
Armour
 b - a +0 robe (worn)
Potions
 c - a potion of resistance {unknown}


   Skills:
 - Level 3.0 Fighting
 + Level 3.0 Axes
 - Level 1.0 Spellcasting
 - Level 2.6 Fire Magic


You had 2 spell levels left.
You didn't know any spells.
Your spell library contained the following spells:

 Spells                   Type           Power      Damage    Failure   Level
 Scorch                   Fire           16%        2d6       12%         2


Dungeon Overview and Level Annotations

Branches:
Dungeon (2/15)

Altars:

Annotations:
D:2 Terence


Message History

You hit the endoplasm. You burn the endoplasm.
You kill the endoplasm!
An endoplasm comes into view.
The endoplasm quivers.
An endoplasm is nearby!
You hit the endoplasm. You burn the endoplasm.
The endoplasm is severely wounded.
The endoplasm freezes you.
You are frozen.
You take 1 damage, and have 17/18 hp.
You hit the endoplasm. You burn the endoplasm.
You kill the endoplasm!
Your Axes skill increases to level 3!
HP restored.
c - a silvery potion Health restored: 18 You now have 10 gold pieces.
A sourceless malevolence fills the Dungeon...
You fall into a shaft and drop 1 floor!
The shaft crumbles and collapses.
Found a stone staircase leading down.
A hobgoblin comes into view.
Found a ring mail.
A hobgoblin is nearby!
The hobgoblin shouts!
Terence the Incautious comes into view.
He is wielding a +0 flail.
Terence shouts!
A quokka comes into view.
You hit the hobgoblin. You burn the hobgoblin.
The hobgoblin is almost dead.
The hobgoblin hits you.
You take 5 damage, and have 13/18 hp.
MASSIVE DAMAGE!!
You closely miss the hobgoblin.
The hobgoblin is almost dead.
The hobgoblin hits you.
You take 3 damage, and have 10/18 hp.
You begin to rise into the air.
The hobgoblin misses you. Terence attacks as you move away!
Terence hits you with a +0 flail!
Ouch! That really hurt!
You die...

..... #. .....
#.#########......
#.........#......
#.........#.....
#............###.
#.........r......
#........@g..[...
#.##...#..@......
#...####++....
+...# ... #...# .
#...# ......
.###... # #....


You could see Terence, a quokka and a hobgoblin.

Vanquished Creatures
  2 endoplasms (D:1)
  A goblin (D:1)
3 creatures vanquished.

Notes
Turn   | Place    | Note
-------+----------+-------------------------------------------
     0 | D:1      | jasper the Demonspawn Cinder Acolyte began the quest for
                  | the Orb.
     0 | D:1      | Reached XP level 1. HP: 18/18 MP: 2/2
    69 | D:1      | You fall into a shaft and drop 1 floor!
    73 | D:2      | Noticed Terence
    78 | D:2      | Slain by Terence

Illustrated notes

Levels and vault maps discovered:
D:1:      reono_arrival_forest_river, layout_loops_ring, serial_shops,
          nicolae_shop_waterfront, serial_bayou_pond_d, bh_walls_and_bars
D:2:      minmay_razor_zed, layout_basic, kennysheep_generic_room_7,
          uniq_terence, uniq_robin

Skill      XL: |  1 |
---------------+----+-----
Axes           | 3 |  3.0
Fighting       | |  3.0
Spellcasting   | |  1.0
Fire Magic     | |  2.6

Action                     || total
---------------------------++-------
  Melee: Hand axe          ||     6
 Invoke: Rising Flame      ||     1
  Dodge: Dodged            ||     1

Table legend: (Time is in decaauts)
 A = Elapsed time spent in this place.
 B = Non-inter-level travel time spent in this place.
 C = Inter-level travel time spent in this place.
 D = Time resting spent in this place.
 E = Time spent auto-exploring this place.
 F = Levels seen in this place.
 G = Mean time per level.
                   A        B        C        D        E       F      G
               +--------+--------+--------+--------+--------+-----+--------+
         Total |     81 |     81 |      0 |      0 |     52 |   2 |   40.5 |
       Dungeon |     81 |     81 |      0 |      0 |     52 |   2 |   40.5 |
               +--------+--------+--------+--------+--------+-----+--------+

Top non-repeatable levels by time:
     D:1: 72 daAuts
     D:2: 9 daAuts
